 Dungeon Crawl Stone Soup version 0.27.0-1-g7a089689b8 (webtiles) character file.

Game seed: 11197469100346823258

31 nicksoapdish the Scratcher (level 3, 0/15 HPs)
             Began as a Felid Transmuter on Aug 3, 2021.
             Slain by an orc wizard (2 damage)
             ... on level 2 of the Dungeon.
             The game lasted 00:02:49 (1057 turns).

nicksoapdish the Scratcher (Felid Transmuter)       Turns: 1057, Time: 00:02:49

Health: 0/15       AC:  1    Str:  6    XL:     3   Next: 7%
Magic:  5/7        EV: 17    Int: 15    God:
Gold:   35         SH:  0    Dex: 16    Spells: 3/6 levels left
                                        Lives:  0   Deaths: 0

rFire    . . .     SeeInvis +     - Unarmed
rCold    . . .     Faith    .   (shield unavailable)
rNeg     . . .     Spirit   .   (armour unavailable)
rPois    .         Reflect  .   (helmet unavailable)
rElec    .         Harm     .   (cloak unavailable)
rCorr    .         Rampage  .   (gloves unavailable)
Will     .....                  (boots unavailable)
Stlth    ++........             (no amulet)
HPRegen  0.05/turn              (no ring)
MPRegen  0.10/turn              (no ring)

@: appendages, wereblooded (expiring), hasted, very quick
A: horns 2, very small, claws 1, fangs 3, see invisible, speed 1, shaggy fur 1,
stealthy paws, no weapons or thrown items, no armour, multi-lived
a: End Transformation


You were on level 2 of the Dungeon.
You had temporarily grown beastly horns.
You visited 1 branch of the dungeon, and saw 2 of its levels.

You collected 35 gold pieces.

Inventory:

Scrolls
 a - a scroll of teleportation {unknown}
 b - a scroll of enchant armour {unknown}
 c - a scroll of magic mapping {unknown}
 d - a scroll of enchant weapon {unknown}


   Skills:
 + Level 1.0 Fighting
 + Level 2.9 Dodging
 * Level 0.7 Stealth
 + Level 3.5 Unarmed Combat
 + Level 2.1 Spellcasting
 * Level 2.9 Transmutations


You had 3 spell levels left.
You knew the following spells:

 Your Spells              Type           Power      Damage    Failure   Level
a - Beastly Appendage     Tmut           20%        N/A       7%          1
b - Wereblood             Tmut           10%        N/A       10%         2

Your spell library contained the following spells:

 Spells                   Type           Power      Damage    Failure   Level
 Spider Form              Tmut/Pois      3%         N/A       34%         3
 Ice Form                 Ice/Tmut       6%         N/A       75%         4


Dungeon Overview and Level Annotations

Branches:
Dungeon (2/15)

Altars:


Innate Abilities, Weirdness & Mutations

You have temporarily grown beastly horns.
You have sharp claws.
You have razor-sharp teeth.
You have supernaturally acute eyesight. (SInv)
You cover ground quickly. (Speed+)
You are covered in fur. (AC +1)
Your paws help you pounce on unaware monsters.
You are incapable of wielding weapons or throwing items.
You cannot wear armour.
You gain extra lives every three experience levels.


Message History

You see here a bat corpse.
The kobold throws a stone.
The stone misses you.
The kobold throws a stone.
The stone hits you but does no damage.
Casting: Beastly Appendage (safe; 7% risk of failure)
Confirm with . or Enter, or press ? or * to list all spells.
Your blood is infused with primal strength.
Your transformation is almost over.
You closely miss the kobold. The kobold barely misses you.
You scratch the kobold.
You kill the kobold!
Things that are here:
a +0 short sword; 3 stones You howl as the wereblood boils in your veins!
You howl as the wereblood boils in your veins!
Your horns disappear.
An orc wizard is nearby!
Casting: Wereblood (safe; 10% risk of failure)
Confirm with . or Enter, or press ? or * to list all spells.
You grow a pair of large bovine horns.
An orc comes into view. It is wielding a +0 whip.
You howl as the wereblood boils in your veins!
The orc wizard gestures at you while chanting.
The magic dart hits you.
The orc moves out of view.
An orc wizard comes into view. It is wielding a +0 dagger.
You scratch the orc wizard.
The orc wizard is lightly wounded.
Your primal bloodlust is almost over.
You howl as the wereblood boils in your veins!
An orc comes into view. It is wielding a +0 trident.
The orc wizard gestures at you while chanting.
The magic dart hits you!
* * * LOW HITPOINT WARNING * * *
You closely miss the orc wizard.
The orc wizard is lightly wounded.
An endoplasm comes into view.
The orc wizard misses you.
An orc wizard comes into view. It is wielding a +0 dagger.
It was a potion of haste.
You feel yourself speed up.
The orc wizard hits you with a +0 dagger.
You die...

...#.#<..####.#. o
.............o.....
###...#...####.....
#####.#.#†.....#
.###.#o.....###
..#o..J....# ..o#.###..#
#....####.#
################@o........
#........##..)..o....###...
#.........>.........## #...
#........#...######....
#.......†..### .#...
#....<...### # ..
#........# . #........#
##########


You could see 3 orc wizards, 2 orcs and an endoplasm (wandering).

Vanquished Creatures
  A dart slug (D:1)
  3 bats
  3 endoplasms
  A giant cockroach (D:1)
  2 goblins (D:1)
  2 jackals (D:1)
  3 kobolds
  3 quokkas (D:1)
  2 ball pythons (D:1)
  3 frilled lizards (D:1)
  5 rats
28 creatures vanquished.

Notes
Turn   | Place    | Note
-------+----------+-------------------------------------------
     0 | D:1      | nicksoapdish the Felid Transmuter began the quest for the
                  | Orb.
     0 | D:1      | Reached XP level 1. HP: 9/9 MP: 4/4
   300 | D:1      | Reached XP level 2. HP: 12/12 MP: 4/6
   310 | D:1      | Learned a level 2 spell: Wereblood
   952 | D:2      | Reached XP level 3. HP: 11/15 MP: 5/7
  1057 | D:2      | Slain by an orc wizard

Illustrated notes

Levels and vault maps discovered:
D:1:      giann_horns, layout_rooms
D:2:      layout_rooms, minivault_19, bh_walls_and_bars

Action                   || total
-------------------------++-------
Melee: Unarmed           ||    62
       Headbutt          ||     4
       Bite              ||     2
       Punch             ||     2
 Cast: Beastly Appendage ||    18
       Wereblood         ||     5
  Use: Potion            ||     1
 Stab: Sleeping          ||     1
Armor: Skin              ||     5
Dodge: Dodged            ||    39
